 Dungeon Crawl Stone Soup version 0.31.0-11-ge490571c62 (webtiles) character file.

Game seed: 12959312852911202418

3093 browni3141 the Cleaver (level 9, 0/82 (83) HPs)
             Began as a Minotaur Fighter on Jan 27, 2024.
             Was a Believer of Okawaru.
             Shot with an arrow by a centaur (10 damage)
             ... on level 8 of the Dungeon.
             The game lasted 00:04:22 (4303 turns).

browni3141 the Cleaver (Minotaur Fighter)           Turns: 4303, Time: 00:04:23

HP:   0/82 (83)     AC:  5    Str: 29 (30) XL:     9   Next: 59%
MP:   20/20         EV:  9    Int:  1 (2)  God:    Okawaru [**....]
Gold: 323           SH:  9    Dex: 10 (12) Spells: 8/8 levels left

rFire   + + .        a - +0 war axe
rCold   x . .        A - +0 kite shield
rNeg    . . .        z - +0 ring mail
rPois   .            (helmet restricted)
rElec   .            (no cloak)
rCorr   .            (no gloves)
SInv    .            (no boots)
Will    +....        (no amulet) Stlth
                     l - ring of Twilight {Fire Str+4 Dex+2}
HPRegen 0.33/turn    o - ring of the Final Decision {rF+ Will+ MP+9 Int-4}
MPRegen 0.17/turn

%: clarity
@: mighty, slowed, lost intelligence, lightly drained, unable to read, very slow
A: horns 2, retaliatory headbutt, clarity, deterioration 1, strong 1,
teleportitis 1, inability to read after injury 1
a: Renounce Religion, Heroism


You were on level 8 of the Dungeon.
You worshipped Okawaru.
Okawaru was pleased with you.
You visited 2 branches of the dungeon, and saw 9 of its levels.

You collected 323 gold pieces.

Inventory:

Hand Weapons
 a - a +0 war axe (weapon)
Missiles
 f - 7 throwing nets
 t - 5 boomerangs
 v - 3 javelins (quivered)
Armour
 b - a +0 scale mail
 c - a +0 buckler
 e - a +0 chain mail
 z - a +0 ring mail (worn)
 A - a +0 kite shield (worn)
Jewellery
 l - the ring of Twilight (left hand) {Fire Str+4 Dex+2}
   (You found it on level 3 of the Dungeon)

   [ring of fire]

   Fire:      It enhances your fire magic.
   Str+4:     It affects your strength (+4).
   Dex+2:     It affects your dexterity (+2).
   rF+:       It protects you from fire.
   rC-:       It makes you vulnerable to cold.
 o - the ring of the Final Decision (right hand) {rF+ Will+ MP+9 Int-4}
   (You found it on level 4 of the Dungeon)

   [ring of magical power]

   Int-4:     It affects your intelligence (-4).
   rF+:       It protects you from fire.
   Will+:     It increases your willpower.
   MP+9:      It affects your magic capacity (+9).
 s - a ring of magical power
 C - a ring of resist corrosion
Wands
 h - a wand of charming (4)
 p - a wand of digging (8)
Scrolls
 g - 4 scrolls of teleportation
 j - a scroll of brand weapon {unknown}
 n - a scroll of fear
 x - a scroll of torment {unknown}
 y - a scroll of poison {unknown}
Potions
 i - a potion of resistance {unknown}
 k - a potion of heal wounds {unknown}
 m - a potion of curing
 q - 2 potions of haste {unknown}
 r - a potion of degeneration {unknown}
 u - a potion of enlightenment {unknown}
 w - a potion of brilliance {unknown}
 B - a potion of ambrosia {unknown}
 D - a potion of cancellation {unknown}


   Skills:
 + Level 9.0 Fighting
 * Level 11.6 Axes
 - Level 3.6 Armour
 * Level 6.2 Shields
 * Level 4.8 Invocations


You had 8 spell levels left.
You didn't know any spells.
Your spell library contained the following spells:

 Spells                   Type           Power      Damage    Failure   Level
 Ozocubu's Armour         Ice            0%         N/A       99%         3
 Metabolic Englaciation   Hex/Ice        0%         N/A       100%        5
 Sculpt Simulacrum        Ice/Alch       Unusable   N/A       N/A         6

Dungeon Overview and Level Annotations

Branches:
Dungeon (8/15)             Temple (1/1) D:5
   Lair: D:8-11

Altars:
Dithmenos
Elyvilon
Fedhas
Kikubaaqudgha
Makhleb
Nemelex Xobeh
Okawaru
Qazlal
Ru
Sif Muna
Trog
Uskayaw
Vehumet
Wu Jian
Xom
Yredelemnul
Zin

Annotations:
D:5 1 runed translucent door, browni3141's ghost, novice MiFi
D:6 Duvessa
D:7 Jeremiah
D:8 Maurice


Innate Abilities, Weirdness & Mutations

You have a pair of horns on your head.
You reflexively headbutt those who attack you in melee.
You possess an exceptional clarity of mind.
Your body sometimes deteriorates upon taking damage.
Your muscles are strong. (Str +4, Int/Dex -1)
You are occasionally teleported next to monsters.
You occasionally lose the ability to read scrolls when taking damage.


Message History

The butterfly disappears in a burst of colours!
The butterfly is engulfed in a cloud of scalding steam.
The butterfly dies!
The butterfly disappears in a burst of colours!
The butterfly is engulfed in a cloud of scalding steam.
The butterfly dies!
The butterfly disappears in a burst of colours!
The butterfly is engulfed in a cloud of scalding steam.
The butterfly dies!
The butterfly disappears in a burst of colours!
Jeremiah hops!
The butterfly is engulfed in a cloud of scalding steam.
The butterfly dies!
The butterfly disappears in a burst of colours!
Jeremiah cries, "Fearful master, protect me!"
Something smites you!
Your body deteriorates!
You feel dopey.
You have lost your intelligence.
The steam dragon breathes steam at you. The ball of steam hits you. You resist.
You can move again.
Unknown command.
Unknown command.
Unknown command.
You see here a lumpy yellow potion.
D - a lumpy yellow potion The steam dragon breathes steam at you.
The ball of steam hits you. You resist.
Found a stone staircase leading down.
The steam dragon breathes steam at you. The ball of steam hits you! You resist.
The steam dragon barely misses you. x2
You hit the steam dragon.
The steam dragon is lightly wounded.
The steam dragon bites you. You block the steam dragon's attack.
The steam dragon breathes steam at you. The ball of steam misses you.
You barely miss the steam dragon. You headbutt the steam dragon.
The steam dragon is lightly wounded.
You block the steam dragon's attack. The steam dragon barely misses you.
You completely miss the steam dragon.
The steam dragon is lightly wounded.
The steam dragon barely misses you. x3
The steam dragon claws you but does no damage.
You barely miss the steam dragon. Your headbutt misses the steam dragon.
The steam dragon is lightly wounded.
The steam dragon bites you but does no damage.
The steam dragon claws you. You block the steam dragon's attack. x2
You slash the steam dragon!
The steam dragon is moderately wounded.
You block the steam dragon's attack. The steam dragon closely misses you.
You hit the steam dragon.
The steam dragon is heavily wounded.
The steam dragon breathes steam at you. The ball of steam misses you.
The steam dragon bites you!
Your body deteriorates!
You feel clumsy. The steam dragon claws you.
You slash the steam dragon!
You kill the steam dragon!
Okawaru accepts your kill. The scorpion barely misses you.
You feel your intelligence returning.
Your Fighting skill increases to level 9!
You closely miss the scorpion.
The scorpion is heavily wounded.
The scorpion stings you.
You are poisoned.
The scorpion poisons you! The scorpion stings you.
You hit the scorpion but do no damage.
The scorpion is heavily wounded.
You feel very sick. The scorpion stings you! The scorpion barely misses you.
You furiously retaliate!
You headbutt the scorpion. You hit the scorpion.
Your headbutt misses the scorpion.
The scorpion is almost dead.
You feel sick. The scorpion stings you.
You slash the scorpion!
You kill the scorpion!
Okawaru accepts your kill.
You feel sick.
You feel sick.
You feel sick.
There is a stone staircase leading down here.
You feel sick.
You are no longer poisoned.
You climb downwards.
You hear the roar of battle.
There is an entrance to a bailey on this level.
Hurry and find it before the portal closes forever!
Maurice shouts!
The centaur shouts!
You hear a horrible gurgling sound!
There is a stone staircase leading up here.
There are monsters nearby!
You closely miss Maurice. Your headbutt misses Maurice.
The centaur wields a +1 shortbow of flaming.
It bursts into flame!
The centaur shoots an arrow.
The arrow hits you. Maurice completely misses you. You furiously retaliate!
You headbutt Maurice! Maurice bites you but does no damage.
The centaur shoots an arrow.
The arrow hits you. The arrow burns you.
Unknown command.
You feel very mighty all of a sudden.
The centaur shoots an arrow.
The arrow hits you!
You die...

### #.. #
#.###.#
#.....#
#f....#
#@..c.#
.........##.#
..#........
......#.####
....zz#..
.##...### ...
###.


You could see Maurice, a centaur and 2 wights.

Vanquished Creatures
  A cyclops (D:7)
  A steam dragon (D:7)
  Menkaure (D:4)
  3 ice beasts
  3 ogres
  A black bear (D:4)
  A centaur (D:5)
  A phantom (D:6)
  2 bullfrogs (D:6)
  A gnoll sergeant (D:5)
  5 scorpions
  4 wights (D:7)
  Dowan (D:6)
  2 howler monkeys
  2 bombardier beetles
  4 hounds (D:5)
  4 orc priests
  A gnoll bouda (D:5)
  2 jellies
  5 iguanas
  Ijyb (D:3)
  5 orc wizards
  12 gnolls
  5 adders
  A white imp (D:7)
  2 ufetubi (D:6)
  18 orcs
  An endoplasm (D:2)
  A giant cockroach (D:3)
  2 goblins (D:4)
  4 hobgoblins
  12 jackals (D:5)
  2 quokkas (D:4)
  3 ball pythons
  3 frilled lizards
  3 kobolds
  5 rats
125 creatures vanquished.

Vanquished Creatures (others)
  An orc wizard (D:7)
  An orc (D:7)
2 creatures vanquished.

Grand Total: 127 creatures vanquished

Notes
Turn   | Place    | Note
-------+----------+-------------------------------------------
     0 | D:1      | browni3141 the Minotaur Fighter began the quest for the
                  | Orb.
     0 | D:1      | Reached XP level 1. HP: 19/19 MP: 0/0
   133 | D:2      | Reached skill level 3 in Axes
   133 | D:2      | Reached XP level 2. HP: 25/27 MP: 1/1
   389 | D:3      | Identified the +4 spear "Tyrpho" {flame, rElec rPois Int+2}
   431 | D:3      | Noticed Ijyb
   445 | D:3      | Killed Ijyb
   446 | D:3      | Reached skill level 4 in Axes
   446 | D:3      | Reached XP level 3. HP: 24/34 MP: 2/2
   499 | D:3      | Noticed a scorpion
   503 | D:3      | Killed a scorpion
   504 | D:3      | Reached XP level 4. HP: 21/41 MP: 3/3
   664 | D:3      | Found a stormy altar of Qazlal.
   731 | D:3      | Identified the ring of Twilight {Fire Str+4 Dex+2}
   763 | D:4      | Noticed an ogre
   771 | D:4      | Killed an ogre
   772 | D:4      | Reached skill level 5 in Fighting
   772 | D:4      | Reached skill level 5 in Axes
   772 | D:4      | Reached XP level 5. HP: 46/48 MP: 4/4
   800 | D:4      | Noticed Menkaure
   807 | D:4      | Killed Menkaure
   808 | D:4      | Reached skill level 6 in Axes
   808 | D:4      | Reached XP level 6. HP: 23/57 MP: 5/5
   938 | D:4      | Identified the +0 ring mail of the Platytaur {rElec Int+6}
   999 | D:4      | Reached skill level 7 in Axes
  1099 | D:4      | Found a radiant altar of Vehumet.
  1099 | D:4      | Found a shadowy altar of Dithmenos.
  1100 | D:4      | Found a shimmering blue altar of Sif Muna.
  1214 | D:4      | Identified the ring of the Final Decision {rF+ Will+ MP+9
                  | Int-4}
  1224 | D:4      | Reached XP level 7. HP: 53/63 MP: 6/6
  1653 | D:5      | Entered Level 5 of the Dungeon
  1653 | D:5      | Found a staircase to the Ecumenical Temple.
  1666 | D:5      | Reached skill level 8 in Axes
  1677 | Temple   | Entered the Ecumenical Temple
  1684 | Temple   | Became a worshipper of Warmaster Okawaru
  1821 | D:5      | Identified the +2 robe of the Realm of Zot {rN+}
  1921 | D:5      | Reached skill level 9 in Axes
  2078 | D:5      | Reached * piety under Okawaru
  2079 | D:5      | Reached XP level 8. HP: 19/73 MP: 7/7
  2083 | D:5      | HP: 3/74 [centaur (5)]
  2084 | D:5      | Reached skill level 10 in Axes
  2352 | D:5      | Reached skill level 1 in Invocations
  2375 | D:5      | Found a runed translucent door.
  2377 | D:5      | Found an ornate altar of the Wu Jian Council.
  2473 | D:5      | Noticed browni3141's ghost (novice MiFi)
  3160 | D:5      | Lost intelligence.
  3160 | D:5      | Gained mutation: You are dopey. (Int -2) [potion of
                  | mutation]
  3163 | D:5      | Lost mutation: You are dopey. (Int -2) [potion of mutation]
  3163 | D:5      | Gained mutation: You are occasionally teleported next to
                  | monsters. [potion of mutation]
  3163 | D:5      | Gained mutation: You have hidden genetic defects. [potion
                  | of mutation]
  3163 | D:5      | Gained mutation: Your muscles are strong. (Str +4, Int/Dex
                  | -1) [potion of mutation]
  3163 | D:5      | Gained mutation: You possess an exceptional clarity of
                  | mind. [potion of mutation]
  3401 | D:6      | Noticed Dowan
  3407 | D:6      | Killed Dowan
  3530 | D:6      | Reached ** piety under Okawaru
  3531 | D:6      | Reached XP level 9. HP: 52/82 MP: 10/10
  3554 | D:6      | Gained mutation: You occasionally lose the ability to read
                  | scrolls when taking damage. [hidden defects]
  3858 | D:7      | Noticed a cyclops
  3862 | D:7      | Reached skill level 11 in Axes
  3872 | D:7      | Killed a cyclops
  3873 | D:7      | Reached skill level 5 in Shields
  3887 | D:7      | Gained mutation: Your body sometimes deteriorates upon
                  | taking damage. [hidden defects]
  3887 | D:7      | Lost mutation: You have hidden genetic defects. [hidden
                  | defects expressed]
  4058 | D:7      | Noticed Jeremiah
  4252 | D:6      | Noticed Duvessa
  4274 | D:7      | Lost intelligence.
  4301 | D:8      | Noticed Maurice
  4303 | D:8      | Shot with an arrow by a centaur

Illustrated notes

Levels and vault maps discovered:
D:1:      ldierk_walled_garden, layout_rooms, minmay_misc_feat_nine_boxes
D:2:      layout_basic, serial_shops, nicolae_square_shop, shop,
          nicolae_lakefront_shop, shop, corexii_item_surrounded_by_moat
D:3:      layout_basic, lemuel_tele_altar, nicolae_qazlal_general_emergency,
          uniq_ijyb
D:4:      layout_gridville, gammafunk_temple_overflow_forgotten, st_stairs_4,
          uniq_menkaure
D:5:      layout_cave_pools, mainiacjoe_overflow_alcove_4,
          minmay_temple_entry_junction_2, serial_gnoll_camp,
          gnoll_camp_mini_hut, gnoll_camp_mini_doghouse,
          gnoll_camp_mini_loothouse, gnoll_camp_medium_01, ebering_ghost_sewer_d
D:6:      layout_loops_ring, cheibrodos_worm_habitat, uniq_duvessa
D:7:      layout_rooms, serial_shops, nicolae_shop_real_fake_doors, shop,
          uniq_jeremiah
D:8:      layout_basic, enter_bailey_8, uniq_maggie, uniq_maurice, uniq_psyche
Temple:   chequers_temple_sunken

Skill      XL: |  1  2  3  4  5  6  7  8  9 |
---------------+----------------------------+-----
Axes           | 3 4 5 6 7 9 10 11 | 11.6
Fighting       | 4 5 6 7 8 9 |  9.0
Invocations    | 3 4 |  4.8
Shields        | 4 6 |  6.2
Armour         | |  3.6

Action                     |  1- 3 |  4- 6 |  7- 9 || total
---------------------------+-------+-------+-------++-------
  Melee: War axe           |    50 |    37 |   195 ||   282
         Headbutt          |    11 |     6 |    36 ||    53
  Throw: Throwing net      |       |       |     5 ||     5
         Javelin           |       |       |     2 ||     2
 Invoke: Heroism           |       |       |     3 ||     3
    Use: Potion            |       |       |     4 ||     4
         Scroll            |       |       |     2 ||     2
 Armour: Chain mail        |    28 |    30 |   124 ||   182
         Scale mail        |     2 |       |       ||     2
         Ring mail         |       |       |    53 ||    53
  Dodge: Dodged            |    16 |    20 |   113 ||   149
  Block: Buckler           |     6 |    11 |    39 ||    56
         Kite shield       |       |       |    36 ||    36
